 Dungeon Crawl Stone Soup version 0.27-a0-1139-g28e009f8a6 (webtiles) character file.

Game seed: 11228002899699976482

61353 ReteAZ the Nimble (level 15, -3/109 HPs)
             Began as a Djinni Fire Elementalist on May 7, 2021.
             Was the Champion of Makhleb.
             Killed from afar by a shock serpent (9 damage)
             ... with an electric aura
             ... on level 1 of the Snake Pit on May 8, 2021.
             The game lasted 00:45:44 (21089 turns).

ReteAZ the Nimble (Djinni Fire Elementalist)       Turns: 21089, Time: 00:45:45

Health: -3/109     AC: 17    Str:  8    XL:     15   Next: 2%
Gold:   687        EV: 15    Int: 27    God:    Makhleb [******] SH:  8 Dex: 14

rFire    + + .     SeeInvis .   Y - +6 eveningstar (drain)
rCold    . . .     Faith    .   s - +3 buckler
rNeg     . . .     Spirit   .   w - +2 ring mail "Waleimn" {+Inv Will+}
rPois    ∞         Reflect  .   X - +3 hat of Pondering {ponderous, Will+ MP+10 Int+5}
rElec    .         Harm     .   L - +1 cloak
rCorr    .         Rampage  .   a - +0 pair of gloves "Uhiollay" {Slay+5 Stlth+}
Will     ++++.                  (boots unavailable)
Stlth    ++........             I - amulet of regeneration
HPRegen  1.28/turn              C - ring of protection from cold
MPRegen  0.00/turn              V - ring of willpower

@: flying, slow
A: sickness immunity, fire resistance 2, cold vulnerability 1, float, innate
caster, hp casting, extra vitality 1
a: Renounce Religion, Evoke Invisibility, Minor Destruction, Lesser Servant of
Makhleb, Major Destruction, Greater Servant of Makhleb


You were on level 1 of the Snake Pit.
You worshipped Makhleb.
Makhleb was exalted by your worship.
You visited 4 branches of the dungeon, and saw 20 of its levels.
You also visited: Ice Cave.

You collected 1190 gold pieces.
You spent 503 gold pieces at shops.

Inventory:

Hand Weapons
 e - a +3 short sword
 q - a +2 whip of pain
 R - a +2 long sword of pain
 Y - a +6 eveningstar of draining (weapon)
Missiles
 c - 13 curare-tipped darts
 u - 5 atropa-tipped darts
 Q - 8 boomerangs of dispersal
Armour
 a - the +0 pair of gloves "Uhiollay" (worn) {Slay+5 Stlth+}
   (You bought it in a shop on level 4 of the Dungeon)

   It affects your accuracy and damage with ranged weapons and melee attacks
   (+5).
   It makes you more stealthy.
 s - a +3 buckler (worn)
 w - the +2 ring mail "Waleimn" (worn) {+Inv Will+}
   (You found it on level 6 of the Lair of Beasts)

   It lets you turn invisible.
   It increases your willpower.
 z - a +0 robe of willpower
 L - a +1 cloak (worn)
 X - the +3 hat of Pondering (worn) {ponderous, Will+ MP+10 Int+5}
   (You took it off Gastronok on level 2 of the Lair of Beasts)

   It affects your intelligence (+5).
   It affects your magic capacity (+10).
   It increases your willpower.
Jewellery
 r - a ring of protection from fire
 v - a ring of protection from cold
 A - a ring of ice
 C - a ring of protection from cold (left hand)
 I - an amulet of regeneration (around neck)
 N - an amulet of reflection
 O - a ring of positive energy
 V - a ring of willpower (right hand)
Wands
 F - a wand of flame (50)
 J - a wand of iceblast (24)
 P - a wand of digging (5)
Scrolls
 b - 3 scrolls of identify
 d - 3 scrolls of fear
 f - a scroll of blinking {unknown}
 h - a scroll of fog
 j - 8 scrolls of immolation
 k - 2 scrolls of enchant weapon
 l - 2 scrolls of torment
 m - 2 scrolls of acquirement {unknown}
 o - a scroll of brand weapon {unknown}
 t - 6 scrolls of teleportation
 D - a scroll of silence {unknown}
 E - 2 scrolls of magic mapping
 H - 2 scrolls of enchant armour
 T - a scroll of vulnerability {unknown}
Potions
 g - 5 potions of attraction
 i - 3 potions of might
 n - 2 potions of ambrosia
 p - 4 potions of mutation
 x - a potion of lignification
 G - a potion of resistance
 K - 3 potions of brilliance
 M - 3 potions of curing
 U - 6 potions of heal wounds
 W - 4 potions of cancellation
 Z - 2 potions of haste


   Skills:
 + Level 10.7 Fighting
 - Level 12.7 Armour
 - Level 14.2 Dodging
 - Level 1.5 Stealth
 - Level 4.0 Shields
 + Level 12.4 Spellcasting


You couldn't memorise any spells.
You knew the following spells:

 Your Spells              Type           Power      Damage    Failure   Level
a - Foxfire               Conj/Fire      100%       2x1d9     1%          1
b - Conjure Flame         Conj/Fire      71%        6-21      1%          3
c - Inner Flame           Hex/Fire       71%        N/A       1%          3
d - Sticky Flame          Conj/Fire      71%        2d8       1%          4
e - Fireball              Conj/Fire      35%        3d15      1%          5
f - Pain                  Necr           100%       1d9       1%          1
g - Passwall              Tmut/Erth      59%        N/A       1%          2
h - Corpse Rot            Necr/Air       N/A        N/A       1%          2
i - Summon Lightning Spi  Summ/Air       71%        N/A       1%          4
j - Manifold Assault      Tloc           71%        N/A       1%          5
k - Agony                 Necr           71%        N/A       1%          5
l - Conjure Ball Lightni  Conj/Air       35%        3x3d11    7%          6
Your spell library was empty.

Dungeon Overview and Level Annotations

Branches:
Dungeon (12/15)            Temple (1/1) D:7            Lair (6/6) D:9
  Swamp (0/4) Lair:2        Snake (1/4) Lair:4        Slime (0/5) Lair:6
    Orc (0/2) D:12          IceCv (visited)

Altars:
Ashenzari
Cheibriados
Elyvilon
Gozag
Kikubaaqudgha
Makhleb
Okawaru
Sif Muna
Wu Jian
Jiyva

Shops:
D:4 [   D:9 !

Annotations:
D:3 exclusion: upstairs, Sigmund
D:9 2 transporters
Lair:1 1 runed translucent door, Layhod's ghost, journeyman GnEE
Lair:6 1 runed translucent door


Innate Abilities, Weirdness & Mutations

You are immune to sickness and miasma.
You are immune to poison.
Your flesh is very heat resistant. (rF++)
You are vulnerable to cold. (rC-)
You float through the air rather than walking.
You learn spells naturally, not from books.
Your magical power is your life essence.
You have superior vitality. (+4 HP)


Message History

The shock serpent shoots out a bolt of lightning at you!
The bolt of electricity misses you.
The black mamba bites you but does no damage.
Your lightning spire shoots out a bolt of lightning at the black mamba!
The bolt of electricity hits the black mamba!
The black mamba dies!
Makhleb accepts your kill. The shock serpent bites you!
The shock serpent shocks you!
The shock serpent shoots out a bolt of lightning at you!
The bolt of electricity hits you!
You see here a shock serpent corpse.
Casting: Sticky Flame (safe; 1% risk of failure)
Confirm with . or Enter, or press ? or * to list all spells.
Aiming: Sticky Flame (safe; 1% risk of failure)
Press: ? - help, Shift-Dir - straight line, f - shock serpent
Aim: a shock serpent (ally target, 100% to hit)
The sticky flame hits the shock serpent!
The shock serpent is moderately wounded.
The shock serpent is covered in liquid flames!
The shock serpent's electric aura discharges, shocking you!
* * * LOW HITPOINT WARNING * * *
x2 The shock serpent burns!
You block the shock serpent's attack. The shock serpent barely misses you.
You closely miss the shock serpent.
The shock serpent is moderately wounded.
The shock serpent burns! x2; You block the shock serpent's attack.
The shock serpent shoots out a bolt of lightning at you!
The bolt of electricity hits you!!
* * * LOW HITPOINT WARNING * * *
Casting: Sticky Flame (safe; 1% risk of failure)
Confirm with . or Enter, or press ? or * to list all spells.
Aiming: Agony (dangerous; 1% risk of failure)
Press: ? - help, Shift-Dir - straight line, f/p - shock serpent
Aim: a shock serpent (moderately wounded, covered in liquid flames, ally target, chance to affect: 97%)
The shock serpent convulses!
The shock serpent's electric aura discharges, shocking you!
* * * LOW HITPOINT WARNING * * *
x2 The shock serpent burns!
The shock serpent's electric aura discharges, shocking you!
You die...

###############
......S@<.....#
..........8.....
..............##
##..#########.#
#. .. .. . .


You could see a shock serpent (burning, ally target) and a friendly lightning
spire (summoned).

Vanquished Creatures
  Gastronok (Lair:2)
  Kirke (Lair:5)
  A catoblepas (Lair:6)
  3 hydras
  2 boulder beetles
  4 death yaks
  A two-headed ogre (D:8)
  A deep troll shaman (Lair:6)
  A shock serpent (Snake:1)
  Urug (Lair:3)
  2 bog bodies (Lair:2)
  5 oklob plants (Lair:5)
  An ugly thing (D:11)
  16 elephants
  7 black mambas
  An ice statue (IceCv)
  11 komodo dragons
  10 cane toads
  5 rime drakes
  A kobold demonologist (D:10)
  4 trolls
  6 polar bears
  A hornet (D:11)
  2 slime creatures (D:12)
  Prince Ribbit (D:7)
  8 dream sheep
  23 blink frogs
  A wraith (D:12)
  47 yaks
  A wyvern (Lair:4)
  3 basilisks
  Eustachio (D:6)
  A hog (Lair:5)
  4 vampire mosquitoes
  A steam dragon (D:10)
  Edmund (D:6)
  5 nagas (Lair:4)
  An acid dragon (D:9)
  18 water moccasins
  A sky beast (D:6)
  10 ice beasts
  4 orc warriors
  2 necrophages
  2 black bears
  46 wolves
  4 ogres
  A centaur (D:12)
  2 phantoms
  2 kobold brigands
  13 bullfrogs
  A gnoll sergeant (D:8)
  A scorpion (D:5)
  2 water moccasin skeletons
  5 wights (D:8)
  15 killer bees
  2 howler monkeys
  3 electric eels (Lair:2)
  4 centaur zombies
  3 hounds
  2 orc priests
  Crazy Yiuf (D:7)
  2 gnoll shamans (D:5)
  2 jellies
  A bullfrog skeleton (D:4)
  A centaur skeleton (D:6)
  4 iguanas
  10 orc wizards
  7 hell rats (Lair:6)
  A hound skeleton (D:5)
  Robin (D:2)
  A howler monkey zombie (D:9)
  11 gnolls
  4 adders
  A shadow imp (D:6)
  A white imp (D:7)
  2 ufetubi (D:4)
  2 dart slugs (D:1)
  33 orcs
  11 endoplasms
  6 giant cockroaches
  13 goblins
  8 hobgoblins
  6 jackals
  3 quokkas
  6 ball pythons
  5 bats
  2 frilled lizards
  19 kobolds
  9 rats
502 creatures vanquished.

Vanquished Creatures (collateral kills)
  2 death yaks (Lair:6)
  3 elephants
  A black mamba (Snake:1)
  Maggie (D:9)
  A polar bear (Lair:5)
  A blink frog (Lair:6)
  2 hogs (Lair:5)
  A wraith (D:9)
  5 wolves
  27 foxfires
44 creatures vanquished.

Vanquished Creatures (others)
  A human (Lair:5)
  A wolf (IceCv)
  A bush (Lair:2)
  2194 foxfires
  63 fungi
  79 plants
2339 creatures vanquished.

Grand Total: 2885 creatures vanquished

Notes
Turn   | Place    | Note
-------+----------+-------------------------------------------
     0 | D:1      | ReteAZ the Djinni Fire Elementalist began the quest for the
                  | Orb.
     0 | D:1      | Reached XP level 1. HP: 15/15 MP: 0/0
   250 | D:1      | Reached XP level 2. HP: 14/22 MP: 0/0
   804 | D:1      | Reached skill level 1 in Fighting
   804 | D:1      | Reached XP level 3. HP: 19/27 MP: 0/0
   804 | D:1      | Learned a level 1 spell: Pain
  1858 | D:2      | Noticed Robin
  1870 | D:2      | Killed Robin
  1871 | D:2      | Reached skill level 3 in Dodging
  1871 | D:2      | Reached XP level 4. HP: 10/32 MP: 0/0
  2969 | D:3      | Noticed Sigmund
  3021 | D:2      | Reached XP level 5. HP: 31/38 MP: 0/0
  3021 | D:2      | Learned a level 2 spell: Passwall
  3331 | D:3      | Noticed a phantom
  3340 | D:3      | Killed a phantom
  3871 | D:3      | Reached XP level 6. HP: 40/45 MP: 0/0
  4558 | D:4      | Reached skill level 4 in Dodging
  5030 | D:4      | Reached skill level 1 in Shields
  5033 | D:4      | Reached XP level 7. HP: 46/50 MP: 0/0
  5033 | D:4      | Learned a level 2 spell: Corpse Rot
  5039 | D:4      | Reached skill level 5 in Spellcasting
  5443 | D:4      | Found Siniux's Armour Boutique.
  5724 | D:5      | Entered Level 5 of the Dungeon
  6082 | D:5      | Reached XP level 8. HP: 48/58 MP: 0/0
  7027 | D:6      | Noticed Edmund
  7035 | D:6      | Killed Edmund
  7036 | D:6      | Reached skill level 5 in Fighting
  7253 | D:6      | Reached XP level 9. HP: 62/65 MP: 0/0
  7253 | D:6      | Learned a level 4 spell: Summon Lightning Spire
  8022 | D:6      | Noticed Eustachio
  8029 | D:6      | Killed Eustachio
  8286 | D:6      | Identified Fucene's Incunabulum of the Blind Marksman
  8869 | D:7      | Identified the +5 hand axe of Demonic Guilt {antimagic,
                  | rElec rC+}
  8904 | D:7      | Found a staircase to the Ecumenical Temple.
  8912 | Temple   | Entered the Ecumenical Temple
  8937 | Temple   | Became a worshipper of Makhleb the Destroyer
  8989 | D:7      | Noticed Prince Ribbit
  8997 | D:7      | Killed Prince Ribbit
  9558 | D:7      | Found a runed translucent door.
  9559 | D:7      | Noticed Crazy Yiuf
  9740 | D:7      | Killed Crazy Yiuf
 10098 | D:8      | Found an iron altar of Okawaru.
 10459 | D:8      | Noticed a two-headed ogre
 10469 | D:8      | Killed a two-headed ogre
 10470 | D:8      | Reached XP level 10. HP: 54/75 MP: 0/0
 10672 | D:8      | Reached * piety under Makhleb
 11112 | D:9      | Reached skill level 10 in Spellcasting
 11321 | D:9      | Found a staircase to the Lair.
 11392 | D:9      | Noticed Maggie
 11405 | D:9      | Killed Maggie
 11635 | D:9      | Found a transporter.
 11704 | D:9      | Found a transporter.
 11960 | D:9      | Found Ysokla Wufo's Distillery.
 11963 | D:9      | Bought 2 potions of heal wounds for 150 gold pieces
 12209 | D:10     | Entered Level 10 of the Dungeon
 12471 | D:10     | Reached XP level 11. HP: 68/82 MP: 0/0
 12471 | D:10     | Learned a level 5 spell: Manifold Assault
 13044 | D:10     | Reached ** piety under Makhleb
 13109 | D:11     | Noticed a brown ugly thing
 13118 | D:11     | Killed a brown ugly thing
 13463 | D:11     | Identified the +1 dire flail "Popuoha" {vamp, rN+ Dex+3}
 13711 | D:11     | Noticed a boulder beetle
 13716 | D:11     | Killed a boulder beetle
 14008 | D:12     | Noticed a green ugly thing
 14072 | Lair:1   | Entered Level 1 of the Lair of Beasts
 14113 | Lair:1   | Found a runed translucent door.
 14158 | Lair:1   | Reached skill level 10 in Fighting
 14222 | Lair:1   | Reached skill level 1 in Armour
 14614 | Lair:1   | Reached skill level 5 in Dodging
 14745 | Lair:1   | Noticed Layhod's ghost (journeyman GnEE)
 14956 | Lair:2   | Noticed Gastronok
 14975 | Lair:2   | Killed Gastronok
 14976 | Lair:2   | Reached skill level 6 in Dodging
 14976 | Lair:2   | Reached XP level 12. HP: 7/91 MP: 0/0
 15182 | Lair:2   | Reached skill level 5 in Armour
 15182 | Lair:2   | Reached skill level 7 in Dodging
 15203 | Lair:2   | Reached *** piety under Makhleb
 15286 | Lair:2   | Reached skill level 8 in Dodging
 15575 | Lair:2   | Noticed a six-headed hydra
 15586 | Lair:2   | Killed a six-headed hydra
 15624 | Lair:2   | You are sucked into a shaft and drop 1 floor!
 15632 | Lair:3   | Found a frozen archway.
 15688 | Lair:3   | Reached skill level 9 in Dodging
 15704 | IceCv    | Entered an ice cave
 15980 | Lair:3   | Reached **** piety under Makhleb
 16066 | Lair:3   | Reached XP level 13. HP: 94/96 MP: 0/0
 16066 | Lair:3   | Learned a level 5 spell: Agony
 16096 | Lair:3   | Reached skill level 10 in Dodging
 16217 | Lair:3   | Noticed Urug
 16232 | Lair:3   | Killed Urug
 16771 | D:4      | Bought the +0 pair of gloves "Uhiollay" {Slay+5 Stlth+} for
                  | 353 gold pieces
 17116 | Lair:2   | Reached skill level 11 in Dodging
 17323 | Lair:2   | Found a staircase to the Swamp.
 17818 | Lair:4   | Reached skill level 10 in Armour
 18082 | Lair:4   | Reached ***** piety under Makhleb
 18093 | Lair:4   | Reached skill level 12 in Dodging
 18120 | Lair:4   | Found a staircase to the Snake Pit.
 18579 | Lair:5   | Reached XP level 14. HP: 69/103 MP: 0/0
 18706 | Lair:5   | Noticed Kirke
 18717 | Lair:5   | Killed Kirke
 18851 | Lair:5   | Reached skill level 13 in Dodging
 19667 | Lair:5   | Identified the +12 morningstar "Olufus" {antimagic, rCorr
                  | Dex+5}
 19670 | Lair:5   | Identified the +5 plate armour of Focus {Will+ Dex+3}
 19710 | Lair:6   | Entered Level 6 of the Lair of Beasts
 19733 | Lair:6   | Reached ****** piety under Makhleb
 19893 | Lair:6   | Reached skill level 14 in Dodging
 20053 | Lair:6   | Identified the +2 ring mail "Waleimn" {+Inv Will+}
 20244 | Lair:6   | Found a runed translucent door.
 20244 | Lair:6   | Found a viscous altar of Jiyva.
 20244 | Lair:6   | Noticed an acid blob
 20244 | Lair:6   | Noticed an acid blob
 20244 | Lair:6   | Noticed an acid blob
 20246 | Lair:6   | Found a staircase to the Slime Pits.
 20246 | Lair:6   | Noticed an acid blob
 21079 | Snake:1  | Entered Level 1 of the Snake Pit
 21085 | Snake:1  | Reached XP level 15. HP: 73/109 MP: 0/0
 21085 | Snake:1  | Learned a level 6 spell: Conjure Ball Lightning
 21089 | Snake:1  | HP: 4/109 [shock serpent/electric aura (4)]
 21089 | Snake:1  | Killed from afar by a shock serpent

Illustrated notes

Levels and vault maps discovered:
D:1:      noname_arrival_rooms_in_the_neighbourhood, layout_basic,
          chequers_serial_rivers_room_b, dk_noncrumbling_2
D:2:      layout_loops_ring, minmay_misc_feat_ornament, uniq_robin
D:3:      layout_loops_corners, uniq_sigmund
D:4:      layout_loops_ring, serial_shops, nicolae_shop_statue_plus
D:5:      layout_basic, grunt_ministairs_7
D:6:      layout_basic, uniq_edmund, uniq_eustachio
D:7:      layout_gridville, minmay_temple_entry_glassed_door,
          uniq_crazy_yiuf_cottage, uniq_prince_ribbit1
D:8:      layout_gridville, okawaru_gym_becter
D:9:      gammafunk_cloud_chamber, layout_layer_cave, lair_entry_dummy,
          serial_shops, kennysheep_mini_moat, minmay_variable_closet,
          skrybe_limestone_x, uniq_maggie
D:10:     layout_basic
D:11:     layout_loops_cross
D:12:     layout_loops_cross, orc_0_dummy, gauntlet_entry_generic,
          kiku_gazebo_garden_becter
Temple:   regret_index_temple_sigil_plot
Lair:1:   layout_gridlike, ebering_ghost_inner_flame
Lair:2:   layout_long_grid, nicolae_swamp_entry_splash_gauntlet, st_stairs_12,
          cheibrodos_lair_caveside_slide, serial_bayou_shore_b, uniq_gastronok
Lair:3:   layout_regular_city, portal_ice_cave_entry_ice_beasts,
          infiniplex_staircase_pool, grunt_megastairs_3, uniq_urug
Lair:4:   layout_loops_ring, minmay_snake_entry_guardpost_medium
Lair:5:   layout_gridlike, grunt_forest_large_clearings,
          minmay_lair_oklob_chamber, grunt_megastairs_4, uniq_kirke
Lair:6:   grunt_lair_end_beastmaster, layout_regular_city, slime_altar_2
Snake:1:  layout_gridlike, uniq_aizul

Skill      XL: |  1  2  3  4  5  6  7  8  9 10 11 12 13 14 |
---------------+-------------------------------------------+-----
Spellcasting   | 3 4 5 7 9 11 12 | 12.4
Fighting       | 1 2 3 4 5 7 8 10 | 10.7
Dodging        | 3 4 6 9 12 14 | 14.2
Shields        | 1 2 4 |  4.0
Armour         | 4 8 11 12 | 12.7
Stealth        | |  1.5

Action                   |  1- 3 |  4- 6 |  7- 9 | 10-12 | 13-15 || total
-------------------------+-------+-------+-------+-------+-------++-------
Melee: Unarmed           |     1 |       |       |       |       ||     1
       Short sword       |     9 |       |       |       |       ||     9
       Whip              |       |     6 |    34 |     9 |       ||    49
       Long sword        |       |       |       |    66 |     7 ||    73
       Eveningstar       |       |       |       |       |   105 ||   105
 Cast: Foxfire           |   100 |   144 |   309 |   426 |   375 ||  1354
       Sticky Flame      |       |       |    15 |    45 |    71 ||   131
       Fireball          |       |       |     2 |    50 |   140 ||   192
       Summon Lightning  |       |       |     3 |     3 |    11 ||    17
       Agony             |       |       |       |       |     2 ||     2
       Pain              |       |       |       |       |     1 ||     1
Evoke: Wand              |       |       |     6 |     2 |       ||     8
  Use: Scroll            |       |       |     9 |     1 |     8 ||    18
       Potion            |       |       |     2 |       |       ||     2
 Stab: Distracted        |       |       |       |       |     2 ||     2
Armor: Robe              |     7 |     7 |     7 |    54 |    40 ||   115
       Skin              |       |       |    15 |       |       ||    15
       Ring mail         |       |       |       |       |    11 ||    11
Dodge: Dodged            |    10 |    20 |    32 |   130 |   137 ||   329
Block: Buckler           |       |       |    21 |    81 |    83 ||   185
       Rpst.: Long sword |       |       |       |    28 |     6 ||    34

Table legend: (Time is in decaauts)
 A = Elapsed time spent in this place.
 B = Non-inter-level travel time spent in this place.
 C = Inter-level travel time spent in this place.
 D = Time resting spent in this place.
 E = Time spent auto-exploring this place.
 F = Levels seen in this place.
 G = Mean time per level.
                   A        B        C        D        E       F      G
               +--------+--------+--------+--------+--------+-----+--------+
         Total |  21616 |  20357 |   1259 |   1147 |  15635 |  21 | 1029.3 |
       Dungeon |  14331 |  13458 |    873 |    733 |  10896 |  12 | 1194.2 |
        Temple |     39 |     21 |     18 |      0 |     19 |   1 |   39.0 |
          Lair |   6974 |   6607 |    367 |    357 |   4708 |   6 | 1162.3 |
     Snake Pit |     10 |     10 |      0 |      0 |      0 |   1 |   10.0 |
      Ice Cave |    259 |    259 |      0 |     57 |     11 |   1 |  259.0 |
               +--------+--------+--------+--------+--------+-----+--------+

Top non-repeatable levels by time:
     D:6: 1890 daAuts
     D:1: 1714 daAuts
     D:3: 1596 daAuts
  Lair:6: 1433 daAuts
  Lair:2: 1335 daAuts
     D:5: 1309 daAuts
     D:2: 1302 daAuts
     D:8: 1278 daAuts
     D:9: 1274 daAuts
     D:4: 1190 daAuts
  Lair:5: 1187 daAuts
  Lair:4: 1087 daAuts
  Lair:3: 1035 daAuts
     D:7: 952 daAuts
  Lair:1: 895 daAuts
